 Dungeon Crawl Stone Soup version 0.21-a0-531-gacddea6 (webtiles) character file.

6661 Amnesiac the Geomancer (level 10, -3/56 HPs)
             Began as a Deep Elf Earth Elementalist on Dec 12, 2017.
             Was a High Priest of Sif Muna.
             Slain by a hornet (4 damage)
             ... on level 8 of the Dungeon.
             The game lasted 00:16:20 (7133 turns).

Amnesiac the Geomancer (DEEE)                       Turns: 7133, Time: 00:16:21

Health: -3/56      AC: 11    Str:  5    XL:     10   Next: 73%
Magic:  21/27      EV: 14    Int: 24    God:    Sif Muna [*****.]
Gold:   743        SH:  0    Dex: 15    Spells: 14/32 levels left

rFire    . . .     SeeInvis .   a - +4 dagger (venom)
rCold    . . .     Gourm    .   (no shield)
rNeg     + . .     Faith    .   o - +2 robe {rN+}
rPois    .         Spirit   .   P - +1 helmet
rElec    .         Reflect  .   K - +0 cloak
rCorr    .         Harm     +   y - +2 pair of gloves
MR       +....                  g - +0 pair of boots
Stlth    +++.......             I - amulet of harm
HPRegen  0.18/turn              (no ring)
MPRegen  0.20/turn              (no ring)

@: lethally poisoned (-3 -> -13), slowed, divine energy, very slow
A: no striking features
a: Stop Divine Energy, Channel Magic, Forget Spell, Renounce Religion


You were on level 8 of the Dungeon.
You worshipped Sif Muna.
Sif Muna was extremely pleased with you.
You were not hungry.

You visited 1 branch of the dungeon, and saw 9 of its levels.

You collected 743 gold pieces.

Inventory:

Hand Weapons
 a - a +4 dagger of venom (weapon)
 b - a +3 blowgun
Missiles
 h - 26 poisoned needles
 D - a throwing net
 G - 212 stones (quivered)
Armour
 g - a +0 pair of boots (worn)
 j - the cursed +1 scale mail of Mutualism {Slay+5, unknown}
   (You found it on level 9 of the Dungeon)

   It affects your accuracy and damage with ranged weapons and melee attacks
   (+5).
   It has a curse placed upon it.
 o - a +2 robe of positive energy (worn)
 y - a +2 pair of gloves (worn)
 K - a +0 cloak (worn)
 P - a +1 helmet (worn)
Jewellery
 i - an uncursed ring of ice
 I - an amulet of harm (around neck)
 O - the ring of Taeler {*Tele rElec rPois SInv}
   (You found it on level 7 of the Dungeon)

   [ring of teleportation]

   It may teleport you next to monsters.
   It insulates you from electricity.
   It protects you from poison.
   It lets you see invisible.
Wands
 w - a wand of polymorph (13)
 E - a wand of iceblast (11)
 F - a wand of clouds (12)
Scrolls
 c - a scroll of fear {!r, unknown}
 e - 5 scrolls of identify {!r}
 f - 4 scrolls of amnesia {!r}
 k - 4 scrolls of teleportation {!r}
 l - a scroll of blinking {!r, unknown}
 n - 4 scrolls of remove curse {!r}
 p - a scroll of magic mapping {!r}
 q - a scroll of fog {!r, unknown}
 x - a scroll of torment {!r, unknown}
Potions
 m - a potion of berserk rage {!q}
 r - 3 potions of haste {!q}
 s - a potion of brilliance {!q}
 u - 2 potions of curing {!q}
 v - a potion of resistance {!q}
 z - 5 potions of heal wounds {!q}
 A - a potion of magic {!q}
 C - 2 potions of invisibility {!q}
 J - a potion of agility {!q}
 L - 2 potions of might {!q}
Books
 M - a book of Battle

   Spells                             Type                      Level
   a - Infusion                       Charms                       1
   b - Shroud of Golubria             Charms/Translocation         2
   c - Song of Slaying                Charms                       2
   d - Spectral Weapon                Hexes/Charms                 3
   e - Regeneration                   Charms/Necromancy            3
Comestibles
 d - 8 bread rations
 t - 10 royal jellies
 B - 2 meat rations
 H - a fruit
 N - 7 chunks of flesh


   Skills:
 - Level 4.0 Fighting
 + Level 3.2 Short Blades
 - Level 4.0 Dodging
 - Level 4.0 Stealth
 + Level 11.5 Spellcasting
 - Level 1.1 Transmutations
 * Level 13.0 Earth Magic


You had 14 spell levels left.
You knew the following spells:

 Your Spells              Type           Power        Failure   Level  Hunger
a - Sandblast             Erth           ######       1%          1    None
b - Passwall              Tmut/Erth      #####.....   1%          2    None
d - Lee's Rapid Deconstr  Erth           ######....   1%          5    ####...
e - Petrify               Tmut/Erth      #####...     2%          4    None
f - Iron Shot             Conj/Erth      #####.....   43%         6    #####..


Dungeon Overview and Level Annotations

Branches:
Dungeon (9/15)             Temple (0/1) D:5            Lair (0/6) D:8
    Orc: D:9-12

Altars:
Fedhas
Gozag
Hepliaklqana
Nemelex Xobeh
Sif Muna
Wu Jian
Zin


Message History

A worker ant comes into view.
Casting: Sandblast
Confirm with . or Enter, or press ? or * to list all spells.
Aiming: Sandblast
Press: ? - help, Shift-Dir - straight line, f - worker ant
Aim: a worker ant (hasn't noticed you)
The blast of sand hits the worker ant.
You kill the worker ant!
Sif Muna accepts your kill.
G - 215 stones
Casting: Sandblast
Confirm with . or Enter, or press ? or * to list all spells.
You can't see any susceptible monsters within range! (Use Z to cast anyway.)
Casting: Sandblast
Confirm with . or Enter, or press ? or * to list all spells.
You can't see any susceptible monsters within range! (Use Z to cast anyway.)
Casting: Sandblast
Confirm with . or Enter, or press ? or * to list all spells.
You can't see any susceptible monsters within range! (Use Z to cast anyway.)
The hornet barely misses you.
You closely miss the hornet. The hornet stings you!
You are poisoned.
You feel yourself slow down. The hornet stings you!
You feel as though you will be slow longer.
You closely miss the hornet.
You feel sick. The hornet misses you. The hornet stings you.
You feel as though you will be slow longer.
Casting: Sandblast
Confirm with . or Enter, or press ? or * to list all spells.
Aiming: Sandblast
Press: ? - help, Shift-Dir - straight line, f - hornet
Aim: a hornet The blast of sand hits the hornet.
The hornet is heavily wounded.
G - 214 stones You feel sick.
The hornet stings you!
* * * LOW HITPOINT WARNING * * *
You feel as though you will be slow longer.
The hornet stings you but does no damage.
Casting: Sandblast
Confirm with . or Enter, or press ? or * to list all spells.
Aiming: Sandblast
Press: ? - help, Shift-Dir - straight line, f/p - hornet
Aim: a hornet (heavily wounded)
The blast of sand misses the hornet.
G - 213 stones You feel sick.
The hornet stings you but does no damage.
The hornet stings you!
* * * LOW HITPOINT WARNING * * *
You are more poisoned.
You feel as though you will be slow longer.
Unknown command.
Casting: Sandblast
Confirm with . or Enter, or press ? or * to list all spells.
Aiming: Sandblast
Press: ? - help, Shift-Dir - straight line, f/p - hornet
Aim: a hornet (heavily wounded)
The blast of sand hits the hornet.
The hornet is severely wounded.
G - 212 stones
* * * LOW HITPOINT WARNING * * *
You feel sick. The hornet barely misses you. The hornet stings you.
You die...

.....## ##....###
......####.....#
.........'.....#
###<...###....##
##.#.# ##...# ###.#
##..# ## #.# ##.##
#.# #.# ###.#y#
#.#########@#
#)#......##.###
###)#.####...#..#
#...).####...#.##.
#.###.##..........
#.# #....#...####.#
#.###.####........#
#.....#####.#######
#####.......#


You could see a hornet.

Vanquished Creatures
  2 two-headed ogres
  A hornet (D:8)
  A slime creature (D:8)
  A hippogriff (D:9)
  A wraith (D:8)
  5 hungry ghosts
  Eustachio (D:5)
  2 water moccasins
  2 hell hounds (D:8)
  An ice beast (D:9)
  3 orc warriors
  4 ogres
  A necrophage (D:6)
  A phantom (D:7)
  3 centaurs
  4 big kobolds
  9 bullfrogs
  A scorpion (D:5)
  3 wights (D:3)
  2 howler monkeys
  5 crimson imps
  A bullfrog zombie (D:8)
  A jelly (D:5)
  4 orc priests
  A hound (D:4)
  10 orc wizards
  2 centaur skeletons
  Terence (D:3)
  2 iguanas
  8 worker ants
  A hound zombie (D:7)
  A hound skeleton (D:7)
  A howler monkey zombie (D:7)
  A worker ant zombie (D:8)
  A howler monkey skeleton (D:4)
  11 adders
  2 shadow imps
  2 adder skeletons
  2 adder zombies (D:6)
  3 worms
  3 dart slugs
  6 leopard geckos
  20 orcs
  5 giant cockroaches
  3 goblins
  4 hobgoblins
  14 jackals
  13 kobolds (D:7)
  6 quokkas
  A ball python (D:3)
  10 bats
  7 frilled lizards
  A jackal zombie (D:8)
  A leopard gecko skeleton (D:8)
  A leopard gecko zombie (D:6)
  2 quokka skeletons
  8 rats
213 creatures vanquished.

Notes
Turn   | Place    | Note
-------+----------+-------------------------------------------
     0 | D:1      | Amnesiac the Deep Elf Earth Elementalist began the quest for the Orb.
     0 | D:1      | Reached XP level 1. HP: 10/10 MP: 6/6
   297 | D:1      | Reached XP level 2. HP: 8/16 MP: 5/8
   301 | D:1      | Learned a level 2 spell: Passwall
   962 | D:2      | Reached skill level 4 in Earth Magic
   967 | D:2      | Reached XP level 3. HP: 8/20 MP: 0/10
   972 | D:2      | Learned a level 3 spell: Stone Arrow
  1131 | D:2      | Reached skill level 1 in Fighting
  1425 | D:2      | Noticed a big kobold
  1437 | D:2      | Killed a big kobold
  1437 | D:2      | Reached skill level 5 in Earth Magic
  1437 | D:2      | Reached XP level 4. HP: 24/26 MP: 3/12
  1439 | D:2      | Reached XP level 5. HP: 28/30 MP: 1/13
  1565 | D:2      | Found a hazy altar of Hepliaklqana.
  1785 | D:3      | Reached skill level 5 in Spellcasting
  2167 | D:4      | Found a deep blue altar of Sif Muna.
  2171 | D:4      | Found an opulent altar of Gozag.
  2174 | D:4      | Found a sparkling altar of Nemelex Xobeh.
  2178 | D:4      | Became a worshipper of Sif Muna the Loreminder
  2272 | D:4      | Reached XP level 6. HP: 34/36 MP: 12/15
  2518 | D:3      | Reached skill level 6 in Earth Magic
  2524 | D:3      | Learned a level 4 spell: Petrify
  2530 | D:3      | Learned a level 5 spell: Lee's Rapid Deconstruction
  2613 | D:3      | Reached * piety under Sif Muna
  2625 | D:3      | Reached XP level 7. HP: 16/41 MP: 12/17
  2637 | D:3      | Noticed Terence
  2659 | D:3      | Killed Terence
  3071 | D:5      | Entered Level 5 of the Dungeon
  3077 | D:5      | Noticed Eustachio
  3166 | D:5      | Killed Eustachio
  3271 | D:5      | Reached skill level 7 in Earth Magic
  3285 | D:5      | Found a staircase to the Ecumenical Temple.
  3466 | D:5      | Reached XP level 8. HP: 39/46 MP: 13/20
  3680 | D:6      | Reached ** piety under Sif Muna
  3824 | D:6      | Reached skill level 8 in Earth Magic
  4100 | D:6      | Found an ornate altar of the Wu Jian Council.
  4125 | D:6      | Reached skill level 9 in Earth Magic
  4578 | D:7      | Reached XP level 9. HP: 52/52 MP: 21/23
  4608 | D:7      | Reached *** piety under Sif Muna
  4762 | D:7      | Got a slimy glass ring
  4763 | D:7      | Identified the ring of Taeler {*Tele rElec rPois SInv} (You found it on level 7 of the Dungeon)
  4810 | D:7      | You fall through a shaft!
  4846 | D:8      | Reached skill level 10 in Earth Magic
  4861 | D:8      | Learned a level 6 spell: Iron Shot
  4926 | D:8      | Noticed a two-headed ogre
  5159 | D:9      | Reached skill level 11 in Earth Magic
  5164 | D:9      | Reached skill level 10 in Spellcasting
  5342 | D:9      | Reached **** piety under Sif Muna
  5424 | D:9      | Found a blossoming altar of Fedhas.
  5543 | D:9      | Noticed a two-headed ogre
  5547 | D:9      | Killed a two-headed ogre
  5547 | D:9      | Reached skill level 12 in Earth Magic
  5547 | D:9      | Reached XP level 10. HP: 46/56 MP: 20/26
  5602 | D:9      | Got a faintly glowing scale mail
  5722 | D:8      | Killed a two-headed ogre
  5722 | D:8      | Reached skill level 1 in Short Blades
  6019 | D:8      | Found a staircase to the Lair.
  6161 | D:8      | Found a glowing silver altar of Zin.
  6780 | D:8      | Reached ***** piety under Sif Muna
  7063 | D:8      | Reached skill level 13 in Earth Magic
  7133 | D:8      | HP: 1/56 [poisoned by a hornet]
  7133 | D:8      | Slain by a hornet

Vault maps used:
D:1:      dpeg_arrival_rooms_b
D:2:      lemuel_doored_altar
D:3:      kennysheep_pointless_box, kennysheep_generic_room_10, uniq_terence
D:4:      nicolae_overflow_hidden_temple
D:5:      minmay_temple_entry_statues_fountains, first_bread, uniq_eustachio
D:6:      overflow_temple_1_default
D:8:      overflow_temple_1_default, nicolae_tso_swordbearing_angel,
          minmay_lair_entry_lava, hangedman_pestilent_swarm, minmay_the_grid_2x2
D:9:      marbit_many_paths

Skill      XL: |  1  2  3  4  5  6  7  8  9 10 |
---------------+-------------------------------+-----
Earth Magic    | 4 5 6 7 9 12 13 | 13.0
Fighting       | 1 2 3 4 |  4.0
Spellcasting   | 4 5 6 8 10 11 | 11.5
Dodging        | 3 4 |  4.0
Stealth        | 4 |  4.0
Short Blades   | 3 |  3.2
Transmutations | |  1.1

Action                   |  1- 3 |  4- 6 |  7- 9 | 10-12 || total
-------------------------+-------+-------+-------+-------++-------
Melee: Dagger            |    43 |    25 |    13 |    31 ||   112
       Unarmed           |     6 |       |       |       ||     6
 Fire: Blowgun           |       |       |    19 |       ||    19
 Cast: Sandblast         |    28 |    65 |   158 |    40 ||   291
       Passwall          |       |     2 |     3 |       ||     5
       Stone Arrow       |       |     2 |       |       ||     2
       Petrify           |       |       |     4 |     5 ||     9
       Lee's Rapid Decon |       |       |       |     6 ||     6
Invok: Divine Energy     |       |       |     1 |       ||     1
  Use: Scroll            |       |       |    20 |       ||    20
       Potion            |       |       |     4 |       ||     4
 Stab: Sleeping          |     6 |     6 |     3 |     1 ||    16
       Petrified         |       |       |     9 |     6 ||    15
  Eat: Chunk             |     2 |     3 |     9 |     6 ||    20
Armor: Robe              |    15 |    12 |    16 |    12 ||    55
       Skin              |       |       |    10 |       ||    10
Dodge: Dodged            |    49 |    25 |    39 |    29 ||   142

Table legend:
 A = Spawn XP
 B = Non-spawn XP
 C = Spawn XP percentage of total XP
 D = Spawn monster count
 E = Non-spawn monster count
 F = Spawn count percentage of total count
 G = Total turns spent on level
                    A         B        C        D         E        F      G
               +---------+---------+-------+---------+---------+-------+---------
         Total |       0 |    9516 |   0.0 |       0 |     213 |   0.0 |  7133
               +---------+---------+-------+---------+---------+-------+---------
           D:1 |       0 |      25 |   0.0 |       0 |      14 |   0.0 |   912
           D:2 |       0 |     174 |   0.0 |       0 |      20 |   0.0 |   761
           D:3 |       0 |     357 |   0.0 |       0 |      24 |   0.0 |   901
           D:4 |       0 |     222 |   0.0 |       0 |      21 |   0.0 |   497
           D:5 |       0 |     725 |   0.0 |       0 |      18 |   0.0 |   615
           D:6 |       0 |     928 |   0.0 |       0 |      21 |   0.0 |   716
           D:7 |       0 |    1044 |   0.0 |       0 |      33 |   0.0 |   858
           D:8 |       0 |    3825 |   0.0 |       0 |      36 |   0.0 |  1127
           D:9 |       0 |    2216 |   0.0 |       0 |      26 |   0.0 |   746
               +---------+---------+-------+---------+---------+-------+---------
